 Seeded DCSS version 0.27-a0-1319-geec4fb4e21 (webtiles) character file.

Game seed: 20210621 (custom seed)

80343 muata the Warrior (level 15, 0/145 HPs)
             Began as a Minotaur Berserker on June 21, 2021.
             Was an Elder of Trog.
             Slain by Donald (30 damage)
             ... while paralysed by an orc sorcerer
             ... on level 2 of the Orcish Mines on June 22, 2021.
             The game lasted 01:59:31 (30392 turns).

muata the Warrior (Minotaur Berserker)             Turns: 30392, Time: 01:59:32

Health: 0/145      AC: 20    Str: 33    XL:     15   Next: 23%
Magic:  14/14      EV:  2    Int:  4    God:    Trog [****..]
Gold:   1475       SH:  0    Dex: 11    Spells: 14/14 levels left

rFire    . . .     SeeInvis .   v - +5 spear (vorpal) {Romana}
rCold    . . .     Faith    .   n - +0 buckler
rNeg     + . .     Spirit   .   L - +0 plate armour
rPois    .         Reflect  .   I - +0 hat
rElec    .         Harm     .   h - +0 cloak
rCorr    +         Rampage  .   J - +0 pair of gloves
Will     +....                  (no boots)
Stlth    ..........             F - amulet "Jeic" {Acrobat rN+ rCorr}
HPRegen  0.34/turn              t - +4 ring of evasion
MPRegen  0.14/turn              d - +6 ring of strength

@: paralysed
A: horns 2, retaliatory headbutt
a: Renounce Religion, Berserk, Trog's Hand, Brothers in Arms


You were on level 2 of the Orcish Mines.
You worshipped Trog.
Trog was greatly pleased with you.
You visited 3 branches of the dungeon, and saw 22 of its levels.
You also visited: Ossuary.

You collected 1475 gold pieces.

Inventory:

Hand Weapons
 v - a +5 vorpal spear (weapon) {Romana}
Armour
 h - a +0 cloak (worn)
 n - a +0 buckler (worn)
 I - a +0 hat (worn)
 J - a +0 pair of gloves (worn)
 L - a +0 plate armour (worn)
Jewellery
 d - a +6 ring of strength (right hand)
 t - a +4 ring of evasion (left hand)
 E - a ring of protection from fire
 F - the amulet "Jeic" (around neck) {Acrobat rN+ rCorr}
   (You found it on level 1 of the Lair of Beasts)

   [amulet of the acrobat]

   It increases your evasion while moving and waiting.
   It protects you from negative energy.
   It protects you from acid and corrosion.
 G - the ring of Kosew {Ice rPois rN+ Stlth+}
   (You found it on level 8 of the Dungeon)

   [ring of ice]

   It enhances your ice magic.
   It makes you vulnerable to fire.
   It protects you from cold.
   It protects you from poison.
   It protects you from negative energy.
   It makes you more stealthy.
 O - a +4 ring of protection
 R - a ring of ice
Wands
 A - a wand of mindburst (33) (quivered)
 H - a wand of digging (17)
 P - a wand of flame (16)
Scrolls
 c - 2 scrolls of magic mapping
 e - a scroll of silence
 f - a scroll of acquirement
 g - 5 scrolls of teleportation
 k - a scroll of summoning
 l - 2 scrolls of immolation
 m - 2 scrolls of holy word
 x - a scroll of blinking
 B - a scroll of fear
 N - 4 scrolls of enchant armour
Potions
 a - a potion of lignification {unknown}
 b - 2 potions of flight
 i - a potion of cancellation {unknown}
 j - 5 potions of heal wounds
 o - 2 potions of haste
 p - 3 potions of ambrosia
 r - 2 potions of berserk rage
 s - 2 potions of invisibility
 w - 9 potions of curing
 C - 2 potions of magic
 D - 2 potions of might {unknown}
Miscellaneous
 z - a tin of tremorstones (1/2)
 K - a lightning rod (3/4)


   Skills:
 + Level 16.7 Fighting
 - Level 9.3(12.2) Axes
 - Level 12.8(13.8) Polearms
 - Level 16.2 Armour
 + Level 2.5 Dodging
 - Level 15.3 Shields


You had 14 spell levels left.
You didn't know any spells.
Your spell library was empty.

Dungeon Overview and Level Annotations

Branches:
Dungeon (14/15)            Temple (0/1) D:7            Lair (6/6) D:9
  Swamp (0/4) Lair:2       Spider (0/4) Lair:3        Slime (0/5) Lair:6
    Orc (2/2) D:11        Ossuary (visited)
    Elf: Orc:2       Vaults: D:13-14

Altars:
Nemelex Xobeh
Okawaru
Qazlal
Ru
Uskayaw
Xom
Yredelemnul
Zin
The Shining One

Annotations:
Orc:2 Donald, Saint Roka


Innate Abilities, Weirdness & Mutations

You have a pair of horns on your head.
You reflexively headbutt those who attack you in melee.


Message History

A troll comes into view.
Donald mumbles some strange words.
Donald seems to speed up.
Donald mumbles some strange words.
Donald seems to grow stronger.
The orc sorcerer points at you and mumbles some strange words.
The bolt of fire hits you!!
Saint Roka roars a battlecry!
The orcs go into a battle-frenzy!
The orc sorcerer gestures wildly while chanting.
An orc wizard comes into view. It is wielding a +0 dagger.
Donald completely misses you. You furiously retaliate!
You headbutt Donald, but do no damage. Donald barely misses you.
The orc sorcerer gestures at you while chanting.
You suddenly lose the ability to move!
Saint Roka roars a battlecry!
The orc wizard goes into a battle-frenzy!
Donald hits you but does no damage. The orc hits you but does no damage.
The ogre hits you but does no damage.
Donald says, "I ran into an orc.
He called himself a warlord, and I asked what war?"
Donald hits you with a +0 double sword of freezing!!
Donald freezes you.
The orc wizard shouts!
The orc hits you from afar with a +0 trident.
The orc hits you but does no damage.
The ogre hits you with a +0 giant spiked club.
Donald says, "I hope I haven't come all this way for a glorified paperweight."
Donald hits you with a +0 double sword of freezing!!
Donald freezes you.
Saint Roka mumbles some strange prayers to Beogh against you.
Beogh smites you!
Donald hits you with a +0 double sword of freezing.
Donald freezes you. The orc hits you with a +0 club.
The ogre barely misses you.
Saint Roka mumbles some strange prayers to Beogh against you.
Beogh smites you!
* * * LOW HITPOINT WARNING * * *
Donald hits you with a +0 double sword of freezing!!
You die...

...............
...............
..........$o...
...............
..........o....
.........T.....
#..4...o......$
....o.o@o......
.....o@oO.....$
....ohOoo......
.....o.........
.......$.......
..........$....
.#.............
#.#..........#


You could see Saint Roka, Donald (fast, strong), an ice devil (summoned), a
troll, a warg, 2 orc sorcerers, 2 orc warriors, 2 ogres, 3 orc wizards and 4
orcs.

Vanquished Creatures
  The ghost of Ruskaite the Cleaver, a journeyman MiFi of Makhleb (D:12)
  8 hydras
  3 boulder beetles
  2 centaur warriors
  A catoblepas (Lair:6)
  A dancing weapon (D:12)
  12 death yaks
  2 two-headed ogres
  Urug (Lair:4)
  A fire crab (Lair:3)
  A fire crab (shapeshifter) (D:13)
  2 lindwurms (Lair:6)
  Pikel (D:6)
  An orc knight (Orc:1)
  A deep elf pyromancer (D:13)
  A manticore (Lair:6)
  3 cyclopes
  22 elephants
  An ugly thing (D:12)
  3 oklob plants
  Joseph (Lair:1)
  Maurice (D:8)
  7 black mambas
  A gargoyle (D:12)
  13 cane toads
  A torpor snail (Lair:6)
  3 unseen horrors
  5 rime drakes
  3 kobold demonologists
  An efreet (D:10)
  13 komodo dragons
  3 polar bears
  12 dream sheep (Lair:6)
  10 slime creatures
  3 trolls
  13 blink frogs
  A meliai zombie (D:10)
  Sigmund (D:4)
  A centaur simulacrum (D:14)
  2 wraiths
  2 shadows
  6 wyverns
  65 yaks
  4 basilisks
  A steam dragon (D:10)
  A warg (Orc:1)
  Edmund (D:6)
  27 water moccasins
  4 black bears
  6 orc warriors
  3 necrophages
  An ice beast (D:6)
  4 sky beasts
  An ogre (D:5)
  14 wolves
  6 centaurs
  2 kobold brigands
  16 bullfrogs
  3 gnoll sergeants
  6 scorpions
  A water moccasin skeleton (D:4)
  A killer bee (D:10)
  3 wights (D:10)
  10 electric eels
  A crimson imp (D:5)
  2 human zombies (Ossuary)
  A bullfrog zombie (D:6)
  A centaur zombie (D:5)
  3 hounds
  A jelly (D:6)
  A bullfrog skeleton (D:6)
  6 orc priests
  8 orc wizards
  Terence (D:2)
  3 iguanas
  5 hell rats (Lair:1)
  A scorpion zombie (D:5)
  3 mummies (Ossuary)
  A howler monkey zombie (D:7)
  13 gnolls
  2 howler monkey skeletons
  5 adders
  4 white imps
  An ufetubus (D:4)
  An adder zombie (D:3)
  7 worms
  2 dart slugs
  47 orcs
  4 ball pythons
  6 bats
  7 endoplasms
  4 giant cockroaches
  A gnoll zombie (Ossuary)
  6 goblins
  5 hobgoblins
  3 jackals (D:3)
  5 quokkas
  A ball python zombie (D:3)
  5 frilled lizards
  3 goblin zombies (Ossuary)
  4 hobgoblin zombies (Ossuary)
  17 kobolds
  An orc zombie (Ossuary)
  A quokka zombie (D:3)
  2 rats
546 creatures vanquished.

Vanquished Creatures (collateral kills)
  A hydra (Lair:4)
  5 death yaks
  4 oklob plants (Lair:6)
  An elephant (Lair:2)
  A manticore (Lair:6)
  A black mamba (Lair:6)
  A gargoyle (D:10)
  A komodo dragon (Lair:2)
  5 yaks
  Grum (Lair:1)
  A water moccasin (Lair:1)
  An orc warrior (D:12)
  2 wolves (Lair:1)
  Blork the orc (D:6)
  A bullfrog (Lair:2)
  An iguana (D:6)
28 creatures vanquished.

Vanquished Creatures (others)
  A bush (Lair:2)
  55 fungi
  62 plants
118 creatures vanquished.

Grand Total: 692 creatures vanquished

Notes
Turn   | Place    | Note
-------+----------+-------------------------------------------
     0 | D:1      | muata the Minotaur Berserker began the quest for the Orb.
     0 | D:1      | Reached XP level 1. HP: 19/19 MP: 0/0
   133 | D:1      | You fall into a shaft and drop 1 floor!
   262 | D:1      | Reached XP level 2. HP: 26/27 MP: 1/1
  1073 | D:2      | Reached ** piety under Trog
  1074 | D:2      | Reached XP level 3. HP: 25/34 MP: 2/2
  1352 | D:2      | Noticed Terence
  1356 | D:2      | Killed Terence
  1737 | D:2      | Reached XP level 4. HP: 41/41 MP: 3/3
  1810 | D:2      | Noticed a scorpion
  1819 | D:2      | Killed a scorpion
  1820 | D:2      | Reached skill level 5 in Fighting
  1820 | D:2      | Reached skill level 5 in Axes
  1969 | D:2      | Found a faded altar of an unknown god.
  2286 | D:3      | Reached XP level 5. HP: 43/48 MP: 4/4
  2717 | D:3      | Found a basalt altar of Yredelemnul.
  2875 | D:4      | Reached *** piety under Trog
  2971 | D:4      | Reached XP level 6. HP: 45/56 MP: 5/5
  3316 | D:4      | Noticed Sigmund
  3332 | D:4      | Killed Sigmund
  3333 | D:4      | Reached XP level 7. HP: 37/61 MP: 6/6
  3514 | D:4      | Found a glowing golden altar of the Shining One.
  3847 | D:5      | Entered Level 5 of the Dungeon
  4004 | D:5      | Reached skill level 1 in Shields
  4335 | D:5      | Reached XP level 8. HP: 69/69 MP: 7/7
  4382 | D:5      | Reached skill level 5 in Armour
  4509 | D:5      | Reached skill level 1 in Polearms
  5087 | D:6      | Found an iron altar of Okawaru.
  5128 | D:6      | Noticed Edmund
  5133 | D:6      | Killed Edmund
  5162 | D:6      | Reached **** piety under Trog
  5166 | D:6      | Reached skill level 5 in Polearms
  5437 | D:6      | Noticed Pikel
  5472 | D:6      | Killed Pikel
  5473 | D:6      | Reached XP level 9. HP: 74/74 MP: 8/8
  5521 | D:6      | Noticed Blork the orc
  5530 | D:6      | Killed Blork the orc
  6117 | D:7      | Found a staircase to the Ecumenical Temple.
  6452 | D:7      | Found a sand-covered staircase.
  6461 | Ossuary  | Entered an ossuary
  7445 | D:8      | Noticed Maurice
  7493 | D:8      | Killed Maurice
  8001 | D:8      | Reached XP level 10. HP: 83/93 MP: 9/9
  8128 | D:8      | Identified the ring of Kosew {Ice rPois rN+ Stlth+}
  8511 | D:9      | Reached skill level 5 in Shields
  8642 | D:9      | Found a glowing silver altar of Zin.
  8973 | D:9      | Found a staircase to the Lair.
  9643 | D:10     | Entered Level 10 of the Dungeon
  9909 | D:10     | Noticed a gargoyle
 10203 | D:10     | Noticed a smoke demon
 10204 | D:10     | Reached skill level 10 in Fighting
 11268 | D:10     | Killed a gargoyle
 11270 | D:10     | Found a large runed translucent door.
 11272 | D:10     | Found a large runed translucent door.
 12200 | D:10     | Found a sparkling altar of Nemelex Xobeh.
 12209 | D:10     | Found a sacrificial altar of Ru.
 12377 | D:10     | Reached XP level 11. HP: 99/99 MP: 10/10
 13371 | D:11     | Reached skill level 10 in Armour
 13561 | D:11     | Noticed a two-headed ogre
 13570 | D:11     | Killed a two-headed ogre
 13683 | D:11     | Noticed a boulder beetle
 13704 | D:11     | Killed a boulder beetle
 13935 | D:11     | Found a staircase to the Orcish Mines.
 14163 | D:11     | Reached skill level 10 in Polearms
 14332 | D:12     | Noticed a two-headed ogre
 14341 | D:12     | Killed a two-headed ogre
 14549 | D:12     | Noticed a boulder beetle
 14558 | D:12     | Noticed a soul eater
 14572 | D:12     | Noticed a sun demon
 14877 | D:12     | Killed a boulder beetle
 15871 | D:12     | Noticed a green ugly thing
 15877 | D:12     | Killed a green ugly thing
 15878 | D:12     | Reached XP level 12. HP: 111/111 MP: 11/11
 16137 | D:12     | Found a runed translucent door.
 16141 | D:12     | Found a shimmering altar of Xom.
 16141 | D:12     | Noticed Ruskaite's ghost (journeyman MiFi)
 16161 | D:12     | Killed Ruskaite's ghost
 16313 | D:13     | Noticed a boulder beetle
 16327 | D:13     | Killed a boulder beetle
 16707 | D:13     | Noticed a six-headed hydra
 17075 | D:13     | Killed a six-headed hydra
 17329 | D:13     | Noticed a centaur warrior
 17497 | D:13     | Killed a centaur warrior
 17642 | D:14     | Noticed a centaur warrior
 17653 | D:14     | Killed a centaur warrior
 17916 | D:13     | Found a stormy altar of Qazlal.
 18149 | Lair:1   | Entered Level 1 of the Lair of Beasts
 18325 | Lair:1   | Identified the amulet "Jeic" {Acrobat rN+ rCorr}
 18581 | Lair:1   | Noticed Joseph
 18608 | Lair:1   | Killed Joseph
 18958 | Lair:1   | Noticed Grum
 18965 | Lair:1   | Reached skill level 10 in Shields
 18965 | Lair:1   | Killed Grum
 19638 | Lair:2   | Reached XP level 13. HP: 124/124 MP: 12/12
 19916 | Lair:2   | Found a staircase to the Swamp.
 20044 | Lair:2   | Reached skill level 15 in Fighting
 21475 | Lair:3   | Found a hole to the Spider Nest.
 22174 | Lair:3   | Reached XP level 14. HP: 95/135 MP: 13/13
 23620 | Lair:4   | Noticed Urug
 23643 | Lair:4   | Killed Urug
 24454 | Lair:5   | Reached skill level 15 in Armour
 25396 | Lair:6   | Entered Level 6 of the Lair of Beasts
 25432 | Lair:6   | Found a hide-covered altar of Uskayaw.
 26335 | Lair:6   | Reached ***** piety under Trog
 27093 | Lair:6   | Found a staircase to the Slime Pits.
 27491 | Lair:6   | Reached XP level 15. HP: 129/144 MP: 14/14
 27493 | Lair:6   | Received a gift from Trog
 27519 | Lair:6   | Reached skill level 15 in Shields
 28432 | Lair:5   | Identified a scroll of acquirement
 30219 | Orc:1    | Entered Level 1 of the Orcish Mines
 30385 | Orc:2    | Entered Level 2 of the Orcish Mines
 30385 | Orc:2    | Noticed Donald
 30385 | Orc:2    | Noticed Saint Roka
 30389 | Orc:2    | Paralysed by an orc sorcerer for 7 turns
 30392 | Orc:2    | Slain by Donald

Illustrated notes

Levels and vault maps discovered:
D:1:      dpeg_arrival_concentric_ovals, layout_basic, grunt_decor_arrowhead
D:2:      minmay_alternating_diamond, layout_loops_cross,
          hellmonk_ecumenical_altar_slurped_away, uniq_terence
D:3:      layout_loops_ring, nicolae_yredelemnul_corpse_copse
D:4:      layout_loops_ring, pf_just_have_faith, chequers_mini_garden,
          grunt_ministairs_6, minmay_misc_feat_doors, kennysheep_small_circle,
          uniq_sigmund
D:5:      layout_basic, ebering_dispersal_statue_hall, st_stairs_12,
          minmay_fire_ice_demons
D:6:      layout_loops_ring, okawaru_altar_gauntlet_db, uniq_blork_the_orc,
          uniq_pikel, uniq_edmund
D:7:      layout_cave_pods, minmay_temple_entry_proselytizer,
          lightli_ossuary_entry_decrepit_ruins
D:8:      layout_basic, uniq_maurice
D:9:      layout_irregular_city, zin_academy, due_lair_maze_entry_diamond,
          lightli_orcish_oven
D:10:     layout_basic, jmf_multi_god_temple2
D:11:     layout_cave_pools, hiddenorc1_lemuel
D:12:     layout_grid_maze, ebering_ghost_xom, minmay_misc_feat_more_columns,
          st_stairs_1, kennysheep_generic_room_5
D:13:     minmay_dotted_concentric_squares, layout_loops_ring, serial_shops,
          shop, nicolae_qazlal_style_of_elements, uniq_erolcha
D:14:     layout_cave_pools, david_vaults_2, glass_columns_a, uniq_snorg
Lair:1:   layout_big_grid, serial_bayou_shore_a, uniq_joseph, uniq_grum
Lair:2:   layout_regular_city, swamp_mist_pool, enter_volcano_2,
          beast_lair_carwin_6
Lair:3:   layout_chaotic_city, nicolae_spider_entry_non_spiders,
          infiniplex_staircase_pool, grunt_megastairs_3
Lair:4:   layout_gridlike, grunt_megastairs_5, uniq_urug
Lair:5:   layout_long_grid
Lair:6:   hangedman_lair_in_review, layout_regular_city,
          minmay_slime_entry_oklob_open, basic_altar, patterned_corridor
Orc:1:    layout_diamond_mine, basic_altar
Orc:2:    st_orc_ogre_mass, layout_caves, ebering_ghost_rock_garden,
          uniq_donald, uniq_saint_roka

Skill      XL: |  1  2  3  4  5  6  7  8  9 10 11 12 13 14 15 |
---------------+----------------------------------------------+-----
Fighting       | 4 5 9 10 11 14 15 16 | 16.7
Axes           | 4 5 7 9 |  9.3
Armour         | 4 5 9 11 12 13 16 | 16.2
Shields        | 3 4 9 10 13 14 15 | 15.3
Polearms       | 8 9 11 12 | 12.8
Dodging        | |  2.5

Action                   |  1- 3 |  4- 6 |  7- 9 | 10-12 | 13-15 || total
-------------------------+-------+-------+-------+-------+-------++-------
Melee: Hand axe          |    64 |   106 |    14 |       |       ||   184
       Headbutt          |    11 |    17 |    59 |   170 |   338 ||   595
       Spear             |       |       |   291 |   615 |  1041 ||  1947
       Falchion          |       |       |       |    35 |       ||    35
Invok: Berserk           |     1 |     4 |    10 |    14 |    15 ||    44
       Brothers in Arms  |       |       |     1 |     4 |     8 ||    13
       Trog's Hand       |       |       |       |     5 |     6 ||    11
Evoke: Wand              |       |       |       |     6 |     2 ||     8
       Lightning rod     |       |       |       |     2 |     7 ||     9
       Tin of tremorston |       |       |       |       |     2 ||     2
  Use: Scroll            |       |       |     6 |    11 |     9 ||    26
       Potion            |       |       |       |     3 |     5 ||     8
 Stab: Sleeping          |     1 |       |       |       |       ||     1
       Paralysed         |       |       |       |     3 |       ||     3
Armor: Scale mail        |    34 |    32 |    68 |   117 |       ||   251
       Skin              |       |       |     5 |       |       ||     5
       Plate armour      |       |       |       |   143 |   374 ||   517
Dodge: Dodged            |    38 |    44 |    71 |   203 |   351 ||   707
Block: Buckler           |       |    10 |    29 |   127 |   214 ||   380
       Rpst.: Falchion   |       |       |       |     5 |       ||     5

Table legend: (Time is in decaauts)
 A = Elapsed time spent in this place.
 B = Non-inter-level travel time spent in this place.
 C = Inter-level travel time spent in this place.
 D = Time resting spent in this place.
 E = Time spent auto-exploring this place.
 F = Levels seen in this place.
 G = Mean time per level.
                   A        B        C        D        E       F      G
               +--------+--------+--------+--------+--------+-----+--------+
         Total |  29987 |  28665 |   1322 |   9956 |  10712 |  23 | 1303.8 |
       Dungeon |  19357 |  18453 |    904 |   7229 |   7004 |  14 | 1382.6 |
          Lair |  10005 |   9587 |    418 |   2620 |   3708 |   6 | 1667.5 |
  Orcish Mines |    163 |    163 |      0 |    100 |      0 |   2 |   81.5 |
       Ossuary |    460 |    460 |      0 |      6 |      0 |   1 |  460.0 |
               +--------+--------+--------+--------+--------+-----+--------+

Top non-repeatable levels by time:
    D:10: 5362 daAuts
  Lair:6: 2909 daAuts
  Lair:2: 1962 daAuts
    D:12: 1553 daAuts
    D:11: 1436 daAuts
  Lair:4: 1348 daAuts
  Lair:3: 1330 daAuts
     D:2: 1277 daAuts
     D:9: 1270 daAuts
  Lair:1: 1268 daAuts
  Lair:5: 1186 daAuts
     D:4: 1148 daAuts
     D:8: 1112 daAuts
     D:6: 1066 daAuts
    D:14: 1015 daAuts
